 Dungeon Crawl Stone Soup version 0.29.1-13-g9f3cf754e1 (webtiles) character file.

Game seed: 12729090596834630154

16 DemonSlayer the Digger (level 2, -4/19 HPs)
             Began as a Demonspawn Earth Elementalist on Feb 4, 2023.
             Slain by a gnoll
             ... wielding a +2 whip of pain
              (8 damage)
             ... on level 1 of the Dungeon.
             The game lasted 00:02:01 (1131 turns).

DemonSlayer the Digger (DsEE)                       Turns: 1131, Time: 00:02:01

Health: -4/19      AC:  2    Str:  8    XL:     2   Next: 37%
Magic:  4/5        EV: 12    Int: 16    God:
Gold:   91         SH:  0    Dex: 13    Spells: 4/5 levels left

rFire   . . .      SeeInvis +   f - +0 dagger
rCold   . . .      Faith    .   (no shield)
rNeg    . . .      Spirit   .   a - +0 robe
rPois   .          Reflect  .   (no helmet)
rElec   .          Harm     .   (no cloak)
rCorr   .          Rampage  .   (no gloves)
Will    .....                   (no boots)
Stlth   ++........              (no amulet)
HPRegen 0.06/turn               e - ring of see invisible
MPRegen 0.09/turn               (no ring)

@: no status effects
A: sturdy frame 1
a: no special abilities


You were on level 1 of the Dungeon.
You visited 1 branch of the dungeon, and saw 2 of its levels.

You collected 91 gold pieces.

Inventory:

Hand Weapons
 f - a +0 dagger (weapon)
Armour
 a - a +0 robe (worn)
Jewellery
 e - a ring of see invisible (left hand)
 h - a ring of wizardry
Scrolls
 d - a scroll of fear {unknown}
 g - 2 scrolls of identify {unknown}
Potions
 b - a potion of magic
 c - a potion of attraction {unknown}
 i - 2 potions of brilliance {unknown}
 j - a potion of flight {unknown}


   Skills:
 + Level 2.0 Dodging
 + Level 1.7 Stealth
 + Level 2.3 Spellcasting
 + Level 0.8 Transmutations
 + Level 3.1 Earth Magic


You had 4 spell levels left.
You knew the following spells:

 Your Spells              Type           Power      Damage    Failure   Level
a - Sandblast             Erth           22%        2d7       5%          1

Your spell library contained the following spells:

 Spells                   Type           Power      Damage    Failure   Level
 Passwall                 Tmut/Erth      6%         N/A       14%         2
 Stone Arrow              Conj/Erth      12%        3d7       32%         3
 Petrify                  Tmut/Erth      8%         N/A       65%         4


Dungeon Overview and Level Annotations

Branches:
Dungeon (2/15)

Altars:


Innate Abilities, Weirdness & Mutations

Your movements are slightly less encumbered by armour. (ER -2)


Message History

There is a stone staircase leading down here.
You climb downwards.
There is a stone staircase leading up here.
A gnoll comes into view. It is wielding a +2 whip of pain.
Found 9 gold pieces.
A gnoll is nearby!
A gnoll is nearby!
A gnoll is nearby!
A gnoll is nearby!
A gnoll comes into view. It is wielding a +0 halberd.
The gnoll shouts!
You hear a shout!
A gnoll comes into view. It is wielding a +0 whip.
The gnoll misses you.
You hear a shout!
The blast of sand hits the gnoll!
The gnoll is heavily wounded.
The gnoll closely misses you. The gnoll attacks as you move away!
The gnoll hits you with a +2 whip of pain.
You writhe in agony.
The gnoll attacks as you move away! The gnoll hits you but does no damage.
A gnoll comes into view. It is wielding a +0 spear.
There is a stone staircase leading up here.
The gnoll barely misses you.
You climb upwards.
There is a stone staircase leading down here.
The blast of sand misses the gnoll.
The gnoll closely misses you.
The gnoll hits you with a +2 whip of pain!
Ouch! That really hurt!
* * * LOW HITPOINT WARNING * * *
You are too injured to fight recklessly!
You are too injured to fight recklessly!
You are too injured to fight recklessly!
Unknown command.
The gnoll attacks as you move away! The gnoll barely misses you.
The gnoll attacks as you move away! The gnoll hits you but does no damage.
The gnoll attacks as you move away! The gnoll misses you.
The gnoll attacks as you move away!
The gnoll hits you with a +2 whip of pain!
You die...

...#.##..........#'##### #...#..
.#.#.##.#+#......#.....# #...#..
.#.#.##.#.#......#.....####.#.#..
.#.#.##.#............>...........
.................###...####.#....
.#.#.##.#####.#..# #)..####.#...#
.#.#.##.#####.#..# #............#
.................####............
.#.#...........^@g...............
.#.####.#####......(............#
.#.# #.# ####............##..#
##.# #.# ####.............#
##.####.###########.##.####.##.##
.................................
##.####.###########.##.####.##.##
.................................
..............|................##


You could see a gnoll.

Vanquished Creatures
  A dart slug (D:1)
  4 endoplasms (D:1)
  2 goblins (D:1)
  A kobold (D:1)
  3 bats (D:1)
  2 rats (D:1)
13 creatures vanquished.

Vanquished Creatures (others)
  A fungus (D:1)
1 creature vanquished.

Grand Total: 14 creatures vanquished

Notes
Turn   | Place    | Note
-------+----------+-------------------------------------------
     0 | D:1      | DemonSlayer the Demonspawn Earth Elementalist began the
                  | quest for the Orb.
     0 | D:1      | Reached XP level 1. HP: 13/13 MP: 3/3
   114 | D:1      | Found a faded altar of an unknown god.
   329 | D:1      | Gained mutation: Your movements are slightly less
                  | encumbered by armour. (ER -2) [demonic ancestry]
   329 | D:1      | Reached XP level 2. HP: 19/19 MP: 3/5
   465 | D:1      | Reached skill level 3 in Earth Magic
  1131 | D:1      | Slain by a gnoll

Illustrated notes

Levels and vault maps discovered:
D:1:      dpeg_arrival_fog, layout_basic, shapermc_ecumenical_altar_ellora
D:2:      layout_loops_corners, minivault_4

Skill      XL: |  1  2 |
---------------+-------+-----
Dodging        | 2 |  2.0
Earth Magic    | 3 |  3.1
Stealth        | |  1.7
Spellcasting   | |  2.3
Transmutations | |  0.8

Action                   || total
-------------------------++-------
Melee: Unarmed           ||     5
 Cast: Sandblast         ||    22
Armor: Robe              ||     2
Dodge: Dodged            ||    11
